 Dungeon Crawl Stone Soup version 0.31.0-12-g77e489cdc1 (webtiles) character file.

Game seed: 1667741770195316993

3885 hawla the Cleaver (level 10, -2/78 HPs)
             Began as a Minotaur Fighter on Feb 17, 2024.
             Was an Initiate of Yredelemnul.
             Killed from afar by an electric eel (11 damage)
             ... with a bolt of electricity
             ... on level 8 of the Dungeon.
             The game lasted 00:14:10 (7141 turns).

hawla the Cleaver (Minotaur Fighter)                Turns: 7141, Time: 00:14:12

Health: -2/78      AC: 11    Str: 26    XL:     10   Next: 0%
Magic:  2/18       EV: 10    Int:  5    God:    Yredelemnul [......]
Gold:   545        SH:  5    Dex:  9    Spells: 9/9 levels left

rFire   . . .        a - +0 war axe
rCold   . . .        c - +1 buckler
rNeg    . . .        m - +0 chain mail
rPois   +            (helmet restricted)
rElec   .            (no cloak)
rCorr   .            j - +1 pair of gloves
SInv    .            (no boots)
Will    +....        y - amulet of faith Stlth
                     b - ring of magical power
HPRegen 0.33/turn    (no ring)
MPRegen 0.16/turn

%: faith
@: about to teleport
A: horns 2, retaliatory headbutt, strong-willed 1, poison resistance, MP-powered
wands
a: Renounce Religion, Recall Undead Harvest


You were on level 8 of the Dungeon.
You worshipped Yredelemnul.
Yredelemnul was noncommittal.
You visited 2 branches of the dungeon, and saw 9 of its levels.
You also visited: Ossuary.

You collected 545 gold pieces.

Inventory:

Hand Weapons
 a - a +0 war axe (weapon)
 t - a +2 hand axe of flaming
Missiles
 r - 14 poisoned darts (quivered)
 x - a curare-tipped dart
Armour
 c - a +1 buckler (worn)
 j - a +1 pair of gloves (worn)
 m - a +0 chain mail (worn)
Jewellery
 b - a ring of magical power (left hand)
 g - a ring of fire
 y - an amulet of faith (around neck)
 B - a ring of fire
Scrolls
 f - 4 scrolls of teleportation
 A - a scroll of amnesia
Potions
 e - 5 potions of curing
 h - a potion of berserk rage
 k - 2 potions of ambrosia {unknown}
 n - 2 potions of brilliance {unknown}
 o - a potion of resistance {unknown}
 p - a potion of cancellation {unknown}
 q - a potion of enlightenment {unknown}
 u - 2 potions of invisibility {unknown}
 v - 2 potions of lignification {unknown}
 z - 2 potions of haste {unknown}


   Skills:
 - Level 4.0 Fighting
 + Level 14.2 Axes
 - Level 3.6 Armour
 - Level 8.0 Dodging
 - Level 5.0 Shields


You had 9 spell levels left.
You didn't know any spells.
Your spell library was empty.

Dungeon Overview and Level Annotations

Branches:
Dungeon (8/15)             Temple (1/1) D:5         Ossuary (visited)
   Lair: D:8-11

Altars:
Ashenzari
Cheibriados
Dithmenos
Elyvilon
Fedhas
Gozag
Hepliaklqana
Kikubaaqudgha
Makhleb
Nemelex Xobeh
Okawaru
Qazlal
Ru
Sif Muna
Trog
Wu Jian
Yredelemnul
Zin
The Shining One

Annotations:
D:5 2 transporters, tymior's ghost, novice DsDe


Innate Abilities, Weirdness & Mutations

You have a pair of horns on your head.
You reflexively headbutt those who attack you in melee.
You are strong-willed. (Will+)
Your system is resistant to poisons. (rPois)
You expend magic power (3 MP) to strengthen your wands.


Message History

Press: ? - help, Q - select action, (/) - cycle Shift-Dir - straight line, f/p - electric eel
Aim: an electric eel (water, lightly wounded, poisoned, ally target, 29% to hit)
You throw a poisoned dart.
The poisoned dart closely misses the electric eel.
You hear a splash.
The electric eel shoots out a bolt of lightning at you!
The bolt of electricity misses you.
Throw: 15 darts (poison)
Press: ? - help, Q - select action, (/) - cycle Shift-Dir - straight line, f/p - electric eel
Aim: an electric eel (water, lightly wounded, poisoned, ally target, 29% to hit)
You throw a poisoned dart.
The poisoned dart closely misses the electric eel.
You hear a splash.
A bolt of electricity appears from out of your range of vision.
The bolt of electricity hits your wolf zombie!
Your wolf zombie splashes around in the water.
Your wolf zombie barely misses the electric eel.
Your wolf zombie bites the electric eel.
A bolt of electricity appears from out of your range of vision.
The bolt of electricity hits your wolf zombie!
The bolt of electricity hits the electric eel.
The electric eel completely resists.
Something bites your wolf zombie!
Your wolf zombie is destroyed!
The electric eel looks more healthy.
The electric eel shoots out a bolt of lightning at you!
The bolt of electricity hits you!
* * * LOW HITPOINT WARNING * * *
You feel better.
A troll comes into view.
The electric eel shoots out a bolt of lightning at you!
The bolt of electricity hits you!
* * * LOW HITPOINT WARNING * * *
As you read the scroll of teleportation, it crumbles to dust.
You feel strangely unstable.
A bolt of electricity appears from out of your range of vision.
The bolt of electricity hits your wolf zombie!
The electric eel shoots out a bolt of lightning at you!
The bolt of electricity hits you!
You die...
Your body rises from the dead as a mindless zombie.

≈≈ #.....##.
☼○~☼§°○°°☼~≈°☼≈#.....#..
§.°§☼○○○~T≈S≈°○#.......<
○..°°☼○○°○°☼°§§......###
.○§§~~°°≈Z≈○°○§#.....##
§§.°~.§≈°§.○○☼☼.......#
○~○☼°°~.~°.☼○○§.......#
°○○.☼○☼.§.°°°~○.......#
§○§..§§@§§§○☼☼○.......#
####○☼○§.°.☼§§°.#######
#§°☼☼☼☼§§○...####
#°°○☼°.°☼.○☼....#
#☼○..§○°☼☼.☼....#
#...§°§°○☼°.....#
#########..§....#
#.☼§....# #.......#


You could see a troll, an electric eel (ally target) and a friendly wolf zombie.

Vanquished Creatures
  A slime creature (D:5)
  Edmund (D:4)
  Menkaure (D:4)
  A water moccasin (D:5)
  2 black bears
  An ogre (D:5)
  3 sky beasts
  3 wolves (D:8)
  A centaur (D:6)
  2 phantoms (D:5)
  3 kobold brigands
  5 elf zombies (Ossuary)
  Blork the orc (D:4)
  A bullfrog (D:7)
  4 scorpions
  A howler monkey (D:6)
  3 jellies
  3 centaur zombies (Ossuary)
  2 hounds
  3 human zombies (Ossuary)
  2 bombardier beetles
  8 orc priests
  A gnoll bouda (D:5)
  A sleepcap (D:6)
  Natasha (thrice) (D:2)
  An iguana (D:6)
  4 orc wizards
  3 mummies (Ossuary)
  6 gnolls (D:5)
  10 adders
  A white imp (D:6)
  2 ribbon worms
  22 orcs
  3 bats
  9 endoplasms
  A giant cockroach (D:4)
  5 goblins
  5 hobgoblins
  7 jackals (D:1)
  9 kobolds
  2 quokkas
  4 ball pythons
  5 frilled lizards
  7 rats
163 creatures vanquished.

Vanquished Creatures (collateral kills)
  A wolf (D:8)
  3 electric eels (D:8)
  A hound (D:8)
  A sleepcap (D:7)
  A white imp (D:8)
7 creatures vanquished.

Vanquished Creatures (others)
  3 wolf zombies (D:8)
  A spectral white imp (D:8)
  A kobold zombie (D:7)
  An orc zombie (D:7)
6 creatures vanquished.

Grand Total: 176 creatures vanquished

Notes
Turn   | Place    | Note
-------+----------+-------------------------------------------
     0 | D:1      | hawla the Minotaur Fighter began the quest for the Orb.
     0 | D:1      | Reached XP level 1. HP: 19/19 MP: 0/0
    23 | D:1      | Noticed a great orb of eyes
    24 | D:1      | Found a faded altar of an unknown god.
    51 | D:1      | Noticed a great orb of eyes
    55 | D:1      | Noticed a golden eye
    55 | D:1      | Noticed a golden eye
   191 | D:1      | Reached XP level 2. HP: 27/27 MP: 1/1
   895 | D:2      | Reached XP level 3. HP: 33/33 MP: 2/2
   897 | D:2      | Reached skill level 5 in Shields
   945 | D:2      | Noticed Natasha
   956 | D:2      | Killed Natasha
  1135 | D:2      | Reached XP level 4. HP: 36/40 MP: 3/3
  1294 | D:2      | Noticed Natasha
  1302 | D:2      | Killed Natasha
  1532 | D:2      | Noticed Natasha
  1545 | D:2      | Killed Natasha
  2035 | D:4      | Noticed a scorpion
  2043 | D:4      | Killed a scorpion
  2044 | D:4      | Reached XP level 5. HP: 33/46 MP: 4/4
  2104 | D:4      | Noticed Edmund
  2114 | D:4      | Reached skill level 5 in Dodging
  2116 | D:4      | Killed Edmund
  2117 | D:4      | Reached XP level 6. HP: 19/52 MP: 5/5
  2287 | D:4      | Noticed Menkaure
  2304 | D:4      | Killed Menkaure
  2305 | D:4      | Reached XP level 7. HP: 20/59 MP: 6/6
  2318 | D:4      | Noticed Blork the orc
  2429 | D:4      | Killed Blork the orc
  2662 | D:4      | Reached skill level 3 in Axes
  3022 | D:5      | Entered Level 5 of the Dungeon
  3030 | D:5      | Reached skill level 4 in Axes
  3042 | D:5      | Gained mutation: Your spells are a little harder to cast,
                  | but a little more powerful. [potion of mutation]
  3043 | D:5      | Lost mutation: Your spells are a little harder to cast, but
                  | a little more powerful. [potion of mutation]
  3043 | D:5      | Gained mutation: Your system is resistant to poisons.
                  | (rPois) [potion of mutation]
  3043 | D:5      | Gained mutation: You expend magic power (3 MP) to
                  | strengthen your wands. [potion of mutation]
  3043 | D:5      | Gained mutation: You are strong-willed. (Will+) [potion of
                  | mutation]
  3152 | D:5      | Found a sand-covered staircase.
  3157 | Ossuary  | Entered an ossuary
  3183 | Ossuary  | Reached skill level 5 in Axes
  3189 | Ossuary  | Reached skill level 6 in Axes
  3189 | Ossuary  | Reached XP level 8. HP: 19/66 MP: 7/7
  3370 | Ossuary  | Reached skill level 7 in Axes
  3482 | Ossuary  | Reached skill level 8 in Axes
  3662 | D:5      | Reached skill level 9 in Axes
  3725 | D:5      | Found a snail-covered altar of Cheibriados.
  3725 | D:5      | Found a sparkling altar of Nemelex Xobeh.
  3725 | D:5      | Found a blossoming altar of Fedhas.
  3725 | D:5      | Found a hazy altar of Hepliaklqana.
  3725 | D:5      | Found a hazy altar of Hepliaklqana.
  3725 | D:5      | Found a snail-covered altar of Cheibriados.
  3725 | D:5      | Noticed a slime creature
  3736 | D:5      | HP: 2/66 [slime creature (6)]
  3738 | D:5      | Killed a slime creature
  3739 | D:5      | Reached skill level 10 in Axes
  3973 | D:5      | Found a transporter.
  3977 | D:5      | Noticed tymior's ghost (novice DsDe)
  3977 | D:5      | Noticed a two-headed ogre
  3987 | D:5      | Found a transporter.
  4269 | D:5      | Reached XP level 9. HP: 67/71 MP: 8/8
  4410 | D:5      | Reached skill level 11 in Axes
  4595 | D:5      | Found a staircase to the Ecumenical Temple.
  4679 | Temple   | Entered the Ecumenical Temple
  4685 | Temple   | Became a worshipper of Yredelemnul the Dark
  5224 | D:6      | Reached * piety under Yredelemnul
  5225 | D:6      | Reached skill level 12 in Axes
  5501 | D:6      | Found a broken altar of Ashenzari.
  5553 | D:6      | Identified the +2 sling "Zyufocao" {heavy, rPois rC+ Str-2}
  5654 | D:6      | Reached ** piety under Yredelemnul
  6052 | D:7      | Found a burning altar of Makhleb.
  6181 | D:7      | Reached skill level 13 in Axes
  6429 | D:7      | Found a bloodstained altar of Trog.
  6432 | D:7      | Found a sparkling altar of Nemelex Xobeh.
  6436 | D:7      | Found a stormy altar of Qazlal.
  6589 | D:7      | Reached *** piety under Yredelemnul
  6951 | D:8      | Reached skill level 14 in Axes
  7131 | D:8      | Reached XP level 10. HP: 6/78 MP: 4/9
  7141 | D:8      | Killed from afar by an electric eel

Illustrated notes

Levels and vault maps discovered:
D:1:      minmay_arrival_diagonal_passages, layout_loops_ring,
          hellmonk_ecumenical_altar_watching_god
D:2:      layout_loops_ring, kennysheep_decorative_pillar, kennysheep_boxes,
          uniq_natasha
D:3:      layout_loops_ring
D:4:      layout_rooms, cheibrodos_sewer_entry_bend, solitary_fountain,
          guppyfry_early_lair_pool, uniq_blork_the_orc, uniq_menkaure,
          uniq_edmund
D:5:      cheibrodos_fertilizer, layout_layer_cave, temple_doors_cd,
          gammafunk_ghost_arena, nicolae_ossuary_entry_plus,
          serial_library_hellmonk_hallway_a, feat_on_display
D:6:      layout_loops_ring, cheibrodos_ashenzari_chains
D:7:      layout_cave_pods, mainiacjoe_overflow_paths,
          grunt_temple_overflow_diamond
D:8:      layout_basic, nicolae_overflow_hidden_temple, xom_confusion_cloud,
          erik_lair_island, serial_shops, shop, shop
Temple:   eino_narrow_crystal_temple

Skill      XL: |  1  2  3  4  5  6  7  8  9 |
---------------+----------------------------+-----
Fighting       | 4 |  4.0
Shields        | 4 5 |  5.0
Dodging        | 2 4 6 7 8 |  8.0
Axes           | 6 10 14 | 14.2
Armour         | |  3.6

Action                     |  1- 3 |  4- 6 |  7- 9 | 10-12 || total
---------------------------+-------+-------+-------+-------++-------
  Melee: War axe           |    73 |    70 |   291 |       ||   434
         Headbutt          |     9 |    11 |    52 |       ||    72
  Throw: Dart              |       |       |       |     3 ||     3
  Evoke: Wand              |       |       |     5 |     1 ||     6
    Use: Scroll            |     1 |       |    12 |     1 ||    14
         Potion            |       |     1 |     6 |     2 ||     9
   Stab: Distracted        |       |       |     1 |       ||     1
 Armour: Scale mail        |    37 |     8 |       |       ||    45
         Chain mail        |       |    54 |   294 |     5 ||   353
  Dodge: Dodged            |    45 |    40 |   160 |     2 ||   247
  Block: Buckler           |    20 |    18 |    71 |       ||   109
